 Dungeon Crawl Stone Soup version 0.25-a0-934-g041635d5d1 (webtiles) character file.

Game seed: 12602924391528678548, levelgen mode: deterministic

11 FollowTheCloud the Ducker (level 2, -5/22 HPs)
             Began as a Human Gladiator on May 4, 2020.
             Slain by a kobold
             ... wielding a +2 short sword of electrocution
              (19 damage)
             ... on level 1 of the Dungeon.
             The game lasted 00:01:34 (680 turns).

FollowTheCloud the Ducker (Human Gladiator)          Turns: 680, Time: 00:01:34

Health: -5/22      AC:  6    Str: 14    XL:     2   Next: 35%
Magic:  2/2        EV: 12    Int:  8    God:
Gold:   36         SH:  0    Dex: 14    Spells: 1/1 levels left

rFire    . . .     SeeInvis .   a - +0 long sword
rCold    . . .     Gourm    .   (no shield)
rNeg     . . .     Faith    .   k - +0 ring mail
rPois    .         Spirit   .   (no helmet)
rElec    .         Reflect  .   (no cloak)
rCorr    .         Harm     .   (no gloves)
MR       .....                  b - +0 pair of boots
Stlth    +.........             (no amulet)
HPRegen  0.07/turn              (no ring)
MPRegen  0.08/turn              (no ring)

@: no status effects
A: no striking features
a: no special abilities


You were on level 1 of the Dungeon.
You were not hungry.

You visited 1 branch of the dungeon, and saw 1 of its levels.

You collected 36 gold pieces.

Inventory:

Hand Weapons
 a - a +0 long sword (weapon)
Missiles
 d - 3 throwing nets (quivered)
Armour
 b - a +0 pair of boots (worn)
 k - a +0 ring mail (worn)
Scrolls
 c - a scroll of remove curse {unknown}
 e - a scroll of random uselessness {unknown}
 g - a scroll of fog {unknown}
 j - 2 scrolls of fear {unknown}
 l - a scroll of enchant armour {unknown}
Potions
 i - 2 potions of ambrosia {unknown}
Comestibles
 f - 3 rations
 h - 3 chunks of flesh


   Skills:
 + Level 2.2 Fighting
 + Level 3.1 Long Blades
 - Level 2.0 Throwing
 + Level 0.6 Armour
 + Level 3.1 Dodging


You had one spell level left.
You didn't know any spells.
Your spell library was empty.

Dungeon Overview and Level Annotations

Branches:
Dungeon (1/15)

Altars:


Message History

You closely miss the leopard gecko. The leopard gecko bites you.
You miss the leopard gecko.
The leopard gecko bites you but does no damage.
The leopard gecko bites you.
You miss the leopard gecko. The leopard gecko closely misses you.
You closely miss the leopard gecko. The leopard gecko barely misses you.
You riposte.
You miss the leopard gecko. The leopard gecko barely misses you.
You closely miss the leopard gecko.
The leopard gecko bites you but does no damage.
You hit the leopard gecko.
You kill the leopard gecko!
A kobold comes into view.
It is wielding a +2 short sword of electrocution.
The kobold shouts!
A kobold is nearby!
A kobold is nearby!
The kobold hits you but does no damage.
You are electrocuted!
You barely miss the kobold.
The kobold hits you but does no damage. x2
You are electrocuted!!
Ouch! That really hurt!
You die...

........# ####.# #.#.
#........ ..#.#
#.#.##....##.# #.#.#
............# #.#.####
#..........# ##.......
#.......##.###.......#
#................###.#
#.#..........###...# #.#
......K@..#..# ##.## #..
#.###.#.###############.
#...#.#.#.#.#.#.#.#.
...##...............#
.....#..........#......
.### ##.......#.......#
#......#)...#.....
##...#...........#
#..#...#.#.#.#....


You could see a kobold.

Vanquished Creatures
  2 leopard geckos (D:1)
  A goblin (D:1)
  2 hobgoblins (D:1)
  2 kobolds (D:1)
  A rat (D:1)
8 creatures vanquished.

Notes
Turn   | Place    | Note
-------+----------+-------------------------------------------
     0 | D:1      | FollowTheCloud the Human Gladiator began the quest for the
                  | Orb.
     0 | D:1      | Reached XP level 1. HP: 16/16 MP: 1/1
   461 | D:1      | Reached XP level 2. HP: 16/22 MP: 2/2
   680 | D:1      | Slain by a kobold

Levels and vault maps discovered:
D:1:      co_arrival_square_in_a_square_in_a_square, layout_loops_ring,
          lemuel_old_faithful

Action                   || total
-------------------------++-------
Melee: Long sword        ||    32
Armor: Leather armour    ||     3
       Ring mail         ||    12
Dodge: Dodged            ||    26
       Rpst.: Long sword ||    12

Table legend:
 A = Non-vault XP
 B = Vault XP
 C = Vault XP percentage of total XP
 D = Non-vault monster count
 E = Vault monster count
 F = Vault count percentage of total count
                 A         B        C        D         E       F
            +---------+---------+-------+---------+---------+-------
      Total |      16 |       0 |   0.0 |       8 |       0 |   0.0
            +---------+---------+-------+---------+---------+-------
        D:1 |      16 |       0 |   0.0 |       8 |       0 |   0.0
            +---------+---------+-------+---------+---------+-------
